[Event "ICC tourney 3363 (40 10)"]
[Site "Internet Chess Club"]
[Date "2024.01.13"]
[Round "1"]
[White "KRISHNAN, ASHVATH:K05-30042119"]
[Black "Zhang, Lawrence:lawrencezhang"]
[Result "1-0"]
[ICCResult "Black resigns"]
[WhiteElo "1758"]
[BlackElo "1553"]
[Opening "Giuoco Pianissimo"]
[ECO "C50"]
[NIC "IG.02"]
[Time "11:00:24"]
[PlyCount "57"]
[TimeControl "2400+10"]

1. e4 e5 2. Nf3 Nc6 3. Bc4 Bc5 4. d3 h6 5. O-O Nf6 6. a4 O-O 7. c3 a6 8.
Nbd2 d5 9. Ba2 dxe4 10. dxe4 Bg4 11. h3 Bh5 12. g4 Bg6 13. Re1 b5 14. axb5
axb5 15. b4 Bb6 16. Qb3 Nxe4 17. Nxe4 Bxe4 18. Rxe4 Qd3 19. Re3 Bxe3 20.
Bxe3 Qc4 21. Qb2 Qd3 22. Re1 e4 23. Nd4 Rxa2 24. Qxa2 Qxc3 25. Rc1 Nxb4 26.
Qa5 Qb2 27. Qxb5 Nd3 28. Qxb2 Nxb2 29. Rxc7 {Black resigns} 1-0

[Event "ICC tourney 3363 (40 10)"]
[Site "Internet Chess Club"]
[Date "2024.01.13"]
[Round "1"]
[White "STINSON, RUSSELL:rcstinson"]
[Black "LIN, MICHAEL:knightseu"]
[Result "0-1"]
[ICCResult "White resigns"]
[WhiteElo "1529"]
[BlackElo "1711"]
[Opening "Ruy Lopez: Cozio defense"]
[ECO "C60"]
[NIC "RL.04"]
[Time "11:00:19"]
[PlyCount "56"]
[TimeControl "2400+10"]

1. e4 e5 2. Nf3 Nc6 3. Bb5 Nge7 4. c3 d5 5. Nxe5 dxe4 6. Nxc6 Nxc6 7. Qa4
Qd5 8. c4 Qe6 9. Nc3 Bd7 10. O-O Bd6 11. Re1 O-O 12. Rxe4 Qh6 13. g3 a6 14.
d4 Qg6 15. d5 axb5 16. Qxb5 Ne5 17. Qxb7 Rfb8 18. Qxa8 Rxa8 19. Bf4 Nf3+ 20.
Kg2 Bxf4 21. Rxf4 Ng5 22. h4 Nh3 23. Rh1 Nxf4+ 24. Kf3 Qg4+ 25. Ke3 Re8+ 26.
Kd2 Ne2 27. Re1 Nxc3 28. bxc3 Rxe1 {White resigns} 0-1

[Event "ICC tourney 3363 (40 10)"]
[Site "Internet Chess Club"]
[Date "2024.01.13"]
[Round "1"]
[White "Ding, Sihan:Fortuneguy"]
[Black "Zimmerman, Kevin:blackjack721"]
[Result "1-0"]
[ICCResult "Black checkmated"]
[WhiteElo "1689"]
[BlackElo "1500"]
[Opening "Modern defense: Averbakh system"]
[ECO "A40"]
[NIC "KF.04"]
[Time "11:24:25"]
[PlyCount "47"]
[TimeControl "2400+10"]

1. d4 g6 2. c4 Bg7 3. Nc3 d6 4. e4 a6 5. f3 Nc6 6. Be3 e5 7. d5 Nd4 8. Nge2
c5 9. dxc6 Nxc6 10. Nd5 Be6 11. Nec3 Qa5 12. Bb6 Bxd5 13. Bxa5 Nxa5 14. cxd5
Ne7 15. Qa4+ b5 16. Qxa5 O-O 17. Qc7 Bf6 18. Qxd6 Bg5 19. h4 Rad8 20. Qxa6
Be3 21. h5 g5 22. Qf6 Nxd5 23. Nxd5 Bd4 24. Ne7# {Black checkmated} 1-0

[Event "ICC tourney 3363 (40 10)"]
[Site "Internet Chess Club"]
[Date "2024.01.13"]
[Round "1"]
[White "BOGIN, THEODORE:tbogin1"]
[Black "SULTAN, BASHIR Cisse:muzikmixer"]
[Result "0-1"]
[ICCResult "White resigns"]
[WhiteElo "1828"]
[BlackElo "1618"]
[Opening "Pirc: Ufimtsev-Pytel variation"]
[ECO "B07"]
[NIC "PU.08"]
[Time "11:00:15"]
[PlyCount "58"]
[TimeControl "2400+10"]

1. e4 d6 2. d4 Nf6 3. Nc3 c6 4. f4 Qa5 5. Bd3 e5 6. fxe5 dxe5 7. dxe5 Ng4 8.
Nf3 Nxe5 9. Nxe5 Qxe5 10. O-O Bd6 11. Bf4 Qd4+ 12. Kh1 Bxf4 13. Rxf4 Be6 14.
Qf3 Nd7 15. Re1 Ne5 16. Qg3 O-O 17. Rf5 Bxf5 18. exf5 Nxd3 19. cxd3 Rfe8 20.
Ne4 f6 21. b3 Rad8 22. h3 Kh8 23. Re3 Re5 24. Qf3 Rxf5 25. Qxf5 Qxe3 26.
Nxf6 Qxd3 27. Ne4 Qd5 28. Qg4 Qd1+ 29. Qxd1 Rxd1+ {White resigns} 0-1

[Event "ICC tourney 3363 (40 10)"]
[Site "Internet Chess Club"]
[Date "2024.01.13"]
[Round "1"]
[White "WU, DARREN:chessboy111"]
[Black "S.M, UMER:uncrackable"]
[Result "0-1"]
[ICCResult "White resigns"]
[WhiteElo "1614"]
[BlackElo "1796"]
[Opening "Sicilian defense"]
[ECO "B20"]
[NIC "SI.48"]
[Time "11:03:04"]
[PlyCount "84"]
[TimeControl "2400+10"]

1. e4 c5 2. c4 Nc6 3. Ne2 Nf6 4. Nbc3 e6 5. d4 cxd4 6. Nxd4 Bb4 7. Nxc6 bxc6
8. Bd3 e5 9. O-O Rb8 10. Bd2 d6 11. a3 Bc5 12. b4 Bd4 13. Rb1 Ng4 14. h3 h5
15. Be2 Qh4 16. Bxg4 hxg4 17. Be3 gxh3 18. g3 Qf6 19. Bxd4 exd4 20. e5 dxe5
21. Ne4 Qg6 22. Re1 Bf5 23. Qd3 Kf8 24. Kh2 Qh5 25. Rbc1 Rh6 26. Qe2 Bg4 27.
Qd3 Qf5 28. Rc2 Rf6 29. Nc5 Qh5 30. Qd2 Re8 31. Ne4 Rf3 32. b5 Bf5 33. Qg5
Qxg5 34. Nxg5 Rxa3 35. Rb2 c5 36. Nxh3 Bd3 37. Rc1 Ra4 38. Ng1 Rxc4 39. Rxc4
Bxc4 40. Rc2 Bxb5 41. Rxc5 a6 42. Rc1 e4 {White resigns} 0-1

[Event "ICC tourney 3363 (40 10)"]
[Site "Internet Chess Club"]
[Date "2024.01.13"]
[Round "1"]
[White "Jackson, Leo Daniel Olivera:ibizajacko"]
[Black "LOPEZ, FRANCISCO JAVIER:steinutz"]
[Result "1/2-1/2"]
[ICCResult "Game drawn by mutual agreement"]
[WhiteElo "1404"]
[BlackElo "1675"]
[Opening "Bird's opening"]
[ECO "A03"]
[NIC "VO.07"]
[Time "11:00:50"]
[PlyCount "109"]
[TimeControl "2400+10"]

1. f4 d5 2. Nf3 Nf6 3. e3 h6 4. b3 Bf5 5. Bb2 Nbd7 6. Be2 e6 7. O-O Bd6 8.
Ne5 O-O 9. d3 c6 10. Qe1 Qc7 11. Nxd7 Nxd7 12. Nd2 e5 13. fxe5 Bxe5 14. Bxe5
Qxe5 15. Bf3 Rae8 16. e4 Qd4+ 17. Qf2 Qxf2+ 18. Rxf2 dxe4 19. Bxe4 Bxe4 20.
Nxe4 Re7 21. Raf1 Ne5 22. h3 b6 23. Ng3 c5 24. Re2 f6 25. Re4 Rd7 26. Ne2
Rfd8 27. Rd1 Nf7 28. Rg4 Re8 29. Nf4 Nd6 30. Nh5 Kh7 31. Ng3 Nb5 32. Rf1 Nc3
33. a4 Nd5 34. Re4 Rxe4 35. Nxe4 Nb4 36. Rf2 Re7 37. Kh2 Kg6 38. Kg3 Re5 39.
Rd2 f5 40. Nd6 Kf6 41. Nc4 Re1 42. Kf2 Rc1 43. Na3 Ra1 44. Nc4 Ra2 45. c3
Rxd2+ 46. Nxd2 Nxd3+ 47. Ke3 Ne5 48. Nb1 g5 49. g3 h5 50. Na3 h4 51. gxh4
gxh4 52. Nb5 Kg5 53. Nxa7 f4+ 54. Ke4 Ng4 55. Kf3
{Game drawn by mutual agreement}
1/2-1/2

[Event "ICC tourney 3363 (40 10)"]
[Site "Internet Chess Club"]
[Date "2024.01.13"]
[Round "2"]
[White "S.M, UMER:uncrackable"]
[Black "Ding, Sihan:Fortuneguy"]
[Result "1-0"]
[ICCResult "Black resigns"]
[WhiteElo "1796"]
[BlackElo "1689"]
[Opening "Réti: Nimzovich-Larsen attack"]
[ECO "A06"]
[NIC "QP.09"]
[Time "13:15:31"]
[PlyCount "23"]
[TimeControl "2400+10"]

1. Nf3 d5 2. b3 Bf5 3. Bb2 c5 4. e3 e6 5. d3 Nc6 6. Nbd2 Bd6 7. Bxg7 Nge7 8.
Bxh8 d4 9. exd4 cxd4 10. Nxd4 Nxd4 11. Bxd4 Qa5 12. Be2 {Black resigns} 1-0

[Event "ICC tourney 3363 (40 10)"]
[Site "Internet Chess Club"]
[Date "2024.01.13"]
[Round "2"]
[White "Zhang, Lawrence:lawrencezhang"]
[Black "STINSON, RUSSELL:rcstinson"]
[Result "1-0"]
[ICCResult "Black resigns"]
[WhiteElo "1553"]
[BlackElo "1529"]
[Opening "Benkö gambit: main line"]
[ECO "A58"]
[NIC "BI.45"]
[Time "13:15:06"]
[PlyCount "79"]
[TimeControl "2400+10"]

1. d4 Nf6 2. c4 c5 3. d5 b5 4. cxb5 a6 5. bxa6 Bxa6 6. Nc3 d6 7. Nf3 g6 8.
e4 Bxf1 9. Kxf1 Bg7 10. g3 O-O 11. Kg2 Nbd7 12. Be3 Qa5 13. Qb3 Rfb8 14. Qc2
Ne8 15. Rhb1 Rxb2 16. Rxb2 Bxc3 17. Bd2 Bxb2 18. Bxa5 Bxa1 19. Bd2 Bg7 20.
Qb3 Rb8 21. Qa4 Ne5 22. Nxe5 Bxe5 23. Qa7 Rb2 24. Qxe7 Nf6 25. Qd8+ Kg7 26.
Qa5 Nxe4 27. Be3 Bd4 28. Kf3 Bxe3 29. Qa3 Nd2+ 30. Kg2 Nc4 31. Qc3+ Bd4 32.
Qxc4 Rxf2+ 33. Kh3 h5 34. a4 Kh6 35. a5 g5 36. Qc1 Kg6 37. g4 h4 38. a6 Ra2
39. Qb1+ Kh6 40. Qxa2 {Black resigns} 1-0

[Event "ICC tourney 3363 (40 10)"]
[Site "Internet Chess Club"]
[Date "2024.01.13"]
[Round "2"]
[White "BOGIN, THEODORE:tbogin1"]
[Black "Jackson, Leo Daniel Olivera:ibizajacko"]
[Result "0-1"]
[ICCResult "White resigns"]
[WhiteElo "1828"]
[BlackElo "1404"]
[Opening "French: advance, Milner-Barry gambit"]
[ECO "C02"]
[NIC "FR.03"]
[Time "13:15:10"]
[PlyCount "98"]
[TimeControl "2400+10"]

1. e4 e6 2. d4 d5 3. e5 c5 4. c3 Nc6 5. Nf3 Qb6 6. Bd3 Bd7 7. dxc5 Bxc5 8.
O-O a5 9. Bf4 Qxb2 10. Nbd2 Qb6 11. Nb3 Be7 12. Rb1 Qc7 13. Qe2 a4 14. Nbd4
Bc5 15. Nb5 Qc8 16. Nd6+ Bxd6 17. exd6 Nf6 18. Bg5 Ng4 19. h3 Nh6 20. Bxh6
gxh6 21. Ne5 O-O 22. Qg4+ Kh8 23. Qf4 Nxe5 24. Qf6+ Kg8 25. Qxe5 f6 26. Qg3+
Kh8 27. Rfc1 Rg8 28. Qf4 Qf8 29. Rxb7 Rg7 30. Rcb1 Rc8 31. c4 e5 32. Qh4
dxc4 33. Bxc4 Bc6 34. Rxg7 Qxg7 35. Qg3 Qxg3 36. fxg3 Rd8 37. Rd1 Kg7 38.
Kf2 f5 39. Be6 Kf6 40. Bc4 e4 41. Ke3 Ke5 42. g4 f4+ 43. Kf2 e3+ 44. Ke2
Bxg2 45. d7 Bc6 46. Bg8 Bxd7 47. Bxh7 Bb5+ 48. Ke1 Rxd1+ 49. Kxd1 f3
{White resigns}
0-1

[Event "ICC tourney 3363 (40 10)"]
[Site "Internet Chess Club"]
[Date "2024.01.13"]
[Round "2"]
[White "Zimmerman, Kevin:blackjack721"]
[Black "WU, DARREN:chessboy111"]
[Result "0-1"]
[ICCResult "White resigns"]
[WhiteElo "1500"]
[BlackElo "1614"]
[Opening "Caro-Kann: advance variation"]
[ECO "B12"]
[NIC "CK.02"]
[Time "13:15:09"]
[PlyCount "108"]
[TimeControl "2400+10"]

1. e4 c6 2. d4 d5 3. e5 c5 4. f4 Bf5 5. Nf3 e6 6. b4 cxb4 7. a3 Nc6 8. axb4
Bxb4+ 9. c3 Bxb1 10. cxb4 Bg6 11. b5 Nb4 12. Ba3 Nc2+ 13. Kf2 Nxa1 14. Qxa1
Qa5 15. Qb2 Rc8 16. Bb4 Qd8 17. Qa3 Ne7 18. Be2 b6 19. Bd6 Nf5 20. Bb4 Rc7
21. g4 Nh4 22. Bd6 Rc2 23. Rc1 Rxc1 24. Qxc1 Nxf3 25. Qc6+ Qd7 26. Bxf3 Qxc6
27. bxc6 Bd3 28. h4 a5 29. Ke3 Bc4 30. f5 b5 31. c7 Kd7 32. fxe6+ fxe6 33.
g5 Ra8 34. h5 a4 35. Ba3 b4 36. Bxb4 a3 37. Bc3 a2 38. Kf4 a1=Q 39. Bxa1
Rxa1 40. g6 hxg6 41. hxg6 Kxc7 42. Kg5 Rg1+ 43. Kh4 Rxg6 44. Bh5 Rg1 45. Bf7
g5+ 46. Kh5 Kd7 47. Kg6 g4 48. Bg8 g3 49. Kf6 Rf1+ 50. Kg7 g2 51. Bf7 g1=Q+
52. Kf8 Rxf7+ 53. Kxf7 Qxd4 54. Kf6 Qf4+ {White resigns} 0-1

[Event "ICC tourney 3363 (40 10)"]
[Site "Internet Chess Club"]
[Date "2024.01.13"]
[Round "2"]
[White "LIN, MICHAEL:knightseu"]
[Black "KRISHNAN, ASHVATH:K05-30042119"]
[Result "0-1"]
[ICCResult "White checkmated"]
[WhiteElo "1711"]
[BlackElo "1758"]
[Opening "Nimzo-Indian: classical, Noa variation, main line, 7.Qc2"]
[ECO "E37"]
[NIC "NI.23"]
[Time "13:15:08"]
[PlyCount "78"]
[TimeControl "2400+10"]

1. d4 Nf6 2. c4 e6 3. Nc3 Bb4 4. Qc2 d5 5. a3 Bxc3+ 6. Qxc3 Ne4 7. Qc2 Nc6
8. Nf3 O-O 9. e3 Re8 10. Bd3 f5 11. h3 Qf6 12. b4 Bd7 13. Bb2 a6 14. Nd2
Rab8 15. g4 Qh4 16. Nf3 Qf6 17. Nd2 Qh4 18. Nf3 Qf6 19. gxf5 Qxf5 20. Bxe4
dxe4 21. Nd2 Rf8 22. Nxe4 e5 23. d5 Qf3 24. Rg1 Bf5 25. dxc6 Bxe4 26. Qe2
Qf6 27. cxb7 Rbd8 28. f4 Qh4+ 29. Kf1 Bd3 30. Bxe5 Bxe2+ 31. Kxe2 Rf7 32.
Rg4 Qxh3 33. Rag1 g6 34. R1g2 Rfd7 35. R2g3 Rd2+ 36. Kf3 Qf1+ 37. Ke4 Qxc4+
38. Kf3 Qd5+ 39. e4 Qd3# {White checkmated} 0-1

[Event "ICC tourney 3363 (40 10)"]
[Site "Internet Chess Club"]
[Date "2024.01.13"]
[Round "2"]
[White "SULTAN, BASHIR Cisse:muzikmixer"]
[Black "LOPEZ, FRANCISCO JAVIER:steinutz"]
[Result "1-0"]
[ICCResult "Black resigns"]
[WhiteElo "1618"]
[BlackElo "1675"]
[Opening "English opening"]
[ECO "A10"]
[NIC "EO.64"]
[Time "13:15:09"]
[PlyCount "131"]
[TimeControl "2400+10"]

1. c4 d6 2. Nc3 Nf6 3. Nf3 g6 4. e4 e5 5. d4 exd4 6. Nxd4 Bg7 7. Be2 h6 8.
O-O O-O 9. f4 Nc6 10. Nf3 Re8 11. Bd3 Bg4 12. h3 Bd7 13. Re1 a6 14. a3 Qc8
15. Kh2 Nh7 16. Bd2 Nf8 17. b4 Nd4 18. Nxd4 Bxd4 19. Nd5 Bc6 20. Bc3 Bxc3
21. Nxc3 b6 22. Qc2 a5 23. Nd5 Bxd5 24. cxd5 Re7 25. Rac1 axb4 26. axb4 Qe8
27. Qc3 Ra2 28. Bc4 Ra7 29. e5 Kh7 30. Rc2 b5 31. Bf1 Qb8 32. Rce2 Nd7 33.
e6 Nb6 34. Qd4 Qf8 35. Re3 Nc4 36. Bxc4 bxc4 37. Qxc4 fxe6 38. Rxe6 Rf7 39.
Qe4 Qg7 40. Re7 Ra2 41. Rxf7 Qxf7 42. Qe7 Kg7 43. Qxf7+ Kxf7 44. Rc1 Ra7 45.
Kg3 Rb7 46. Rc4 Kf6 47. Kf3 Kf5 48. g4+ Kf6 49. Ke4 Ra7 50. h4 g5 51. fxg5+
hxg5 52. h5 Ra3 53. Rxc7 Rg3 54. Rb7 Rxg4+ 55. Kf3 Rf4+ 56. Kg3 Ke5 57. Rg7
Rxb4 58. Rxg5+ Kf6 59. Rg6+ Ke5 60. h6 Kxd5 61. h7 Rb3+ 62. Kg4 Rb4+ 63. Kg5
Rb1 64. h8=Q Rg1+ 65. Kf6 Rf1+ 66. Kg7 {Black resigns} 1-0

[Event "ICC tourney 3363 (40 10)"]
[Site "Internet Chess Club"]
[Date "2024.01.13"]
[Round "3"]
[White "Ding, Sihan:Fortuneguy"]
[Black "Zhang, Lawrence:lawrencezhang"]
[Result "1-0"]
[ICCResult "Black resigns"]
[WhiteElo "1689"]
[BlackElo "1553"]
[Opening "QGD Slav defense"]
[ECO "D43"]
[NIC "SL.01"]
[Time "15:30:05"]
[PlyCount "57"]
[TimeControl "2400+10"]

1. d4 d5 2. c4 c6 3. Nc3 Nf6 4. Bg5 e6 5. Nf3 Be7 6. e3 O-O 7. Bd3 h6 8. Bh4
b6 9. O-O Ba6 10. cxd5 cxd5 11. Bxa6 Nxa6 12. Qe2 Nb4 13. a3 Nc6 14. Rac1
Rc8 15. Rfd1 Ne4 16. Bxe7 Nxc3 17. Rxc3 Qxe7 18. Rdc1 Qd7 19. Qb5 Nb8 20.
Qxd7 Rxc3 21. Qxf7+ Rxf7 22. Rxc3 Na6 23. Ne5 Rc7 24. Rc6 Kf8 25. Kf1 Ke7
26. Rxc7+ Nxc7 27. Nc6+ Kd6 28. Nxa7 e5 29. Nc8+ {Black resigns} 1-0

[Event "ICC tourney 3363 (40 10)"]
[Site "Internet Chess Club"]
[Date "2024.01.13"]
[Round "3"]
[White "STINSON, RUSSELL:rcstinson"]
[Black "Zimmerman, Kevin:blackjack721"]
[Result "0-1"]
[ICCResult "White resigns"]
[WhiteElo "1529"]
[BlackElo "1500"]
[Opening "Robatsch defense: Geller's system"]
[ECO "B06"]
[NIC "KF.05"]
[Time "15:30:12"]
[PlyCount "74"]
[TimeControl "2400+10"]

1. e4 g6 2. d4 Bg7 3. c3 d6 4. Nf3 a6 5. Bc4 b5 6. Bb3 Bb7 7. Qe2 Nd7 8.
Bxf7+ Kf8 9. Bb3 Ngf6 10. Ng5 Qc8 11. Ne6+ Kg8 12. Qe3 d5 13. f3 h5 14. O-O
Nb6 15. Nf4 Bh6 16. Qf2 Kh7 17. Qg3 g5 18. Nxd5 h4 19. Qe5 Nbxd5 20. exd5
Qd7 21. Bc2+ Kg7 22. Bxg5 Bxd5 23. Bxh4 Qd6 24. Qf5 Be3+ 25. Rf2 Rxh4 26.
Qg6+ Kf8 27. g3 Bxf2+ 28. Kxf2 Rxh2+ 29. Kg1 Rxc2 30. Qxc2 Qxg3+ 31. Qg2
Qe1+ 32. Kh2 Ke8 33. a4 Kd7 34. axb5 Rh8+ 35. Qh3+ Rxh3+ 36. Kxh3 Qh1+ 37.
Kg3 Qxf3+ {White resigns} 0-1

[Event "ICC tourney 3363 (40 10)"]
[Site "Internet Chess Club"]
[Date "2024.01.13"]
[Round "3"]
[White "Jackson, Leo Daniel Olivera:ibizajacko"]
[Black "SULTAN, BASHIR Cisse:muzikmixer"]
[Result "0-1"]
[ICCResult "White resigns"]
[WhiteElo "1404"]
[BlackElo "1618"]
[Opening "Bird's opening"]
[ECO "A02"]
[NIC "VO.07"]
[Time "15:30:13"]
[PlyCount "94"]
[TimeControl "2400+10"]

1. f4 d6 2. Nf3 Bg4 3. e4 Nf6 4. Nc3 e6 5. d4 d5 6. e5 Nfd7 7. Be2 c5 8. Be3
Bxf3 9. Bxf3 cxd4 10. Bxd4 Nc6 11. Bf2 Bc5 12. Bxc5 Nxc5 13. a3 Qb6 14. b4
Ne4 15. Bxe4 dxe4 16. Qe2 Qd4 17. Qd2 Qc4 18. Ne2 Rd8 19. Qc3 Qxc3+ 20. Nxc3
Nd4 21. Rc1 f5 22. exf6 gxf6 23. Nxe4 Ke7 24. Kf2 f5 25. Nc5 b6 26. Nd3 Nxc2
27. Rxc2 Rxd3 28. Rc7+ Rd7 29. Rhc1 Rd8 30. R1c6 Rxc7 31. Rxc7+ Rd7 32.
Rxd7+ Kxd7 33. Ke3 b5 34. Kd4 Kd6 35. g3 h6 36. h3 h5 37. Kc3 e5 38. Kd2 e4
39. Ke3 Kd5 40. Ke2 Kd4 41. Kd2 e3+ 42. Ke2 Ke4 43. g4 fxg4 44. hxg4 hxg4
45. f5 g3 46. Kf1 Kxf5 47. Ke1 g2 {White resigns} 0-1

[Event "ICC tourney 3363 (40 10)"]
[Site "Internet Chess Club"]
[Date "2024.01.13"]
[Round "3"]
[White "WU, DARREN:chessboy111"]
[Black "LIN, MICHAEL:knightseu"]
[Result "1-0"]
[ICCResult "Black resigns"]
[WhiteElo "1614"]
[BlackElo "1711"]
[Opening "Ruy Lopez: Cozio defense"]
[ECO "C60"]
[NIC "RL.04"]
[Time "15:30:12"]
[PlyCount "95"]
[TimeControl "2400+10"]

1. e4 e5 2. Nf3 Nc6 3. Bb5 Nge7 4. O-O g6 5. c3 Bg7 6. d4 exd4 7. cxd4 O-O
8. d5 Ne5 9. Nxe5 Bxe5 10. f4 Bg7 11. f5 d6 12. f6 a6 13. fxg7 Kxg7 14. Be2
Bd7 15. Qd4+ f6 16. Nc3 c6 17. Bf4 cxd5 18. Bxd6 dxe4 19. Nxe4 Bf5 20. Rad1
Rc8 21. Rd2 Rc6 22. Qb4 Re8 23. Bxe7 Qxe7 24. Qxe7+ Rxe7 25. Nc3 b5 26. Nd5
Rd7 27. Rfd1 Rcd6 28. Bf3 Be6 29. Kf2 f5 30. Ke1 g5 31. Nc7 Rxd2 32. Nxe6+
Kf6 33. Rxd2 Rxd2 34. Kxd2 Kxe6 35. b4 Ke5 36. Kd3 g4 37. Bb7 f4 38. Bxa6 h5
39. Bxb5 h4 40. a4 g3 41. hxg3 fxg3 42. Bd7 Kd6 43. Bg4 Kd5 44. a5 Kc6 45.
Ke4 Kb5 46. Kf4 Kxb4 47. a6 Kc4 48. a7 {Black resigns} 1-0

[Event "ICC tourney 3363 (40 10)"]
[Site "Internet Chess Club"]
[Date "2024.01.13"]
[Round "3"]
[White "KRISHNAN, ASHVATH:K05-30042119"]
[Black "S.M, UMER:uncrackable"]
[Result "1-0"]
[ICCResult "Black resigns"]
[WhiteElo "1758"]
[BlackElo "1796"]
[Opening "Sicilian defense"]
[ECO "B40"]
[NIC "SI.43"]
[Time "15:30:05"]
[PlyCount "103"]
[TimeControl "2400+10"]

1. e4 c5 2. Nf3 e6 3. b3 Nc6 4. Bb2 Nf6 5. e5 Nd5 6. Bc4 Nb6 7. d3 Be7 8.
O-O O-O 9. Nbd2 f5 10. a4 Rb8 11. Re1 g5 12. h3 Qe8 13. d4 cxd4 14. Nxd4 a6
15. Nxc6 dxc6 16. Be2 Qg6 17. Bh5 Qh6 18. c4 Rd8 19. Bc1 Bb4 20. Qe2 Nd7 21.
Rd1 Nc5 22. Nf1 Bd7 23. h4 Ne4 24. hxg5 Qg7 25. Rd3 Bc3 26. Bb2 Bxb2 27.
Qxb2 Qxg5 28. Bf3 Nc5 29. Rd4 Be8 30. Rad1 Bg6 31. Rd6 Qe7 32. Qd4 Rxd6 33.
exd6 Nxb3 34. dxe7 Nxd4 35. Rxd4 Kf7 36. c5 Kxe7 37. Rb4 Kd7 38. Ne3 e5 39.
Nc4 e4 40. Be2 Kc7 41. a5 f4 42. Nd6 f3 43. gxf3 exf3 44. Bxf3 Bd3 45. Be4
Rg8+ 46. Kh2 Bb5 47. Bf5 Rg5 48. Re4 Bf1 49. Re7+ Kb8 50. Re8+ Ka7 51. Nc8+
Kb8 52. Nb6+ {Black resigns} 1-0

[Event "ICC tourney 3363 (40 10)"]
[Site "Internet Chess Club"]
[Date "2024.01.13"]
[Round "4"]
[White "LIN, MICHAEL:knightseu"]
[Black "Zhang, Lawrence:lawrencezhang"]
[Result "1-0"]
[ICCResult "Black checkmated"]
[WhiteElo "1711"]
[BlackElo "1553"]
[Opening "QGD Slav defense: exchange variation"]
[ECO "D10"]
[NIC "SL.01"]
[Time "17:45:41"]
[PlyCount "75"]
[TimeControl "2400+10"]

1. d4 d5 2. c4 c6 3. cxd5 cxd5 4. Bf4 Nc6 5. e3 e6 6. Bb5 Qa5+ 7. Nc3 Bb4 8.
Bxc6+ bxc6 9. Ne2 Nf6 10. O-O O-O 11. Rc1 Ba6 12. a3 Be7 13. Qd2 Bc4 14. Ra1
Nh5 15. b4 Qa6 16. Be5 f6 17. Bc7 Qb7 18. Bg3 Nxg3 19. hxg3 a5 20. bxa5 Rxa5
21. Rfb1 Qa6 22. a4 c5 23. Rb2 Ra8 24. Kh2 Kf7 25. dxc5 Bxc5 26. Nd4 Qd6 27.
Ncb5 Bxb5 28. Nxb5 Qe5 29. Rc1 Bb6 30. Nd4 Bxd4 31. exd4 Qd6 32. Rb7+ Kg8
33. Rcc7 Qf8 34. Qe2 Re8 35. Qg4 g5 36. Qh5 h6 37. Qg6+ Kh8 38. Qh7#
{Black checkmated}
1-0

[Event "ICC tourney 3363 (40 10)"]
[Site "Internet Chess Club"]
[Date "2024.01.13"]
[Round "4"]
[White "STINSON, RUSSELL:rcstinson"]
[Black "Ding, Sihan:Fortuneguy"]
[Result "0-1"]
[ICCResult "White resigns"]
[WhiteElo "1529"]
[BlackElo "1689"]
[Opening "Ruy Lopez: Wormald (Alapin) attack"]
[ECO "C77"]
[NIC "RL.12"]
[Time "17:45:13"]
[PlyCount "82"]
[TimeControl "2400+10"]

1. e4 e5 2. Nf3 Nc6 3. Bb5 a6 4. Ba4 Nf6 5. Qe2 b5 6. Bb3 Bc5 7. h3 O-O 8.
d3 h6 9. c3 d6 10. Nbd2 Re8 11. Nf1 Ne7 12. Bd2 Ng6 13. g3 a5 14. O-O-O b4
15. Bc2 bxc3 16. Bxc3 Bb4 17. Bxb4 axb4 18. Bb3 Be6 19. Bxe6 Rxe6 20. Kb1 c5
21. Ne3 Qa5 22. b3 Re7 23. Nc4 Qd8 24. h4 d5 25. h5 dxc4 26. dxc4 Rd7 27.
hxg6 fxg6 28. Nxe5 Rd4 29. f3 g5 30. Nd3 Nd7 31. Nf2 Ne5 32. Rxd4 Qxd4 33.
f4 gxf4 34. gxf4 Ng6 35. f5 Nf4 36. Qf3 Qd2 37. Rd1 Qxa2+ 38. Kc1 Ne2+ 39.
Qxe2 Qxe2 40. Rd2 Qe1+ 41. Rd1 Qc3+ {White resigns} 0-1

[Event "ICC tourney 3363 (40 10)"]
[Site "Internet Chess Club"]
[Date "2024.01.13"]
[Round "4"]
[White "Zimmerman, Kevin:blackjack721"]
[Black "Jackson, Leo Daniel Olivera:ibizajacko"]
[Result "0-1"]
[ICCResult "White checkmated"]
[WhiteElo "1500"]
[BlackElo "1404"]
[Opening "French: Wing gambit"]
[ECO "C00"]
[NIC "FR.01"]
[Time "17:46:45"]
[PlyCount "102"]
[TimeControl "2400+10"]

1. e4 e6 2. Nf3 d5 3. e5 c5 4. b4 b6 5. c3 Ne7 6. d4 Nf5 7. g4 Nh4 8. Nbd2
cxb4 9. Qa4+ Bd7 10. Bb5 bxc3 11. Bxd7+ Nxd7 12. Nxh4 cxd2+ 13. Bxd2 Qxh4
14. h3 Qd8 15. O-O h5 16. g5 f6 17. f4 Rc8 18. Rac1 Rxc1 19. Rxc1 Be7 20.
Qc6 Kf7 21. g6+ Kxg6 22. Qxe6 Nf8 23. f5+ Kh7 24. Qf7 Qd7 25. e6 Qa4 26. Be3
Qa3 27. Kf2 Qb2+ 28. Kf3 Qh2 29. Rg1 Qxh3+ 30. Ke2 Rg8 31. Qxe7 Qxf5 32. Qf7
Nxe6 33. Rh1 Nxd4+ 34. Bxd4 Qe4+ 35. Kd2 Qxd4+ 36. Kc2 Qe4+ 37. Kb3 Qxh1 38.
Qe6 Qd1+ 39. Ka3 Qd3+ 40. Kb2 Qb5+ 41. Ka1 Qf1+ 42. Kb2 Qg2+ 43. Ka3 Qf3+
44. Kb2 Qf2+ 45. Ka3 Qc5+ 46. Kb2 Qd4+ 47. Ka3 Qe5 48. Qf7 Rc8 49. Qd7 Qc3+
50. Ka4 Rc4+ 51. Kb5 Qa5# {White checkmated} 0-1

[Event "ICC tourney 3363 (40 10)"]
[Site "Internet Chess Club"]
[Date "2024.01.13"]
[Round "4"]
[White "SULTAN, BASHIR Cisse:muzikmixer"]
[Black "KRISHNAN, ASHVATH:K05-30042119"]
[Result "1-0"]
[ICCResult "Black forfeits on time"]
[WhiteElo "1618"]
[BlackElo "1758"]
[Opening "English opening"]
[ECO "A17"]
[NIC "EO.64"]
[Time "17:45:07"]
[PlyCount "73"]
[TimeControl "2400+10"]

1. c4 Nf6 2. Nc3 e6 3. Nf3 Be7 4. e4 d6 5. d4 O-O 6. Bd3 h6 7. O-O c5 8.
dxc5 dxc5 9. e5 Nfd7 10. Qe2 Re8 11. Qe4 Nf8 12. Rd1 Nc6 13. Bf1 Qb6 14. b3
Bd7 15. Be3 Nb4 16. Qg4 Kh8 17. Qh5 Nc2 18. Bxh6 Nxa1 19. Bxg7+ Kxg7 20.
Rxd7 Nxd7 21. Qg4+ Kf8 22. Ne4 Rec8 23. h4 Nc2 24. h5 Ke8 25. Qg8+ Nf8 26.
h6 Kd7 27. Qxf7 Kc7 28. Qxe7+ Kb8 29. Nd6 Qc7 30. Nxc8 Qxe7 31. Nxe7 Kc7 32.
Ng5 Re8 33. Ng8 Nd4 34. Nf6 Rd8 35. h7 Ng6 36. Bd3 Nxe5 37. Ng8
{Black forfeits on time}
1-0

[Event "ICC tourney 3363 (40 10)"]
[Site "Internet Chess Club"]
[Date "2024.01.13"]
[Round "4"]
[White "LOPEZ, FRANCISCO JAVIER:steinutz"]
[Black "S.M, UMER:uncrackable"]
[Result "1-0"]
[ICCResult "Black resigns"]
[WhiteElo "1675"]
[BlackElo "1796"]
[Opening "Trompowsky attack (Ruth, Opocenský opening)"]
[ECO "A45"]
[NIC "QP.07"]
[Time "17:46:45"]
[PlyCount "125"]
[TimeControl "2400+10"]

1. d4 Nf6 2. Bg5 Ne4 3. Bf4 d5 4. Nd2 Nxd2 5. Qxd2 e6 6. c3 c5 7. e3 Nc6 8.
Nf3 Bd6 9. Bg3 Qe7 10. Bb5 Bd7 11. O-O O-O 12. Bd3 c4 13. Bc2 Bxg3 14. hxg3
f5 15. a4 b6 16. Rad1 Be8 17. Nh2 Qg5 18. Qe1 Rf6 19. f4 Qh5 20. Kf2 Rh6 21.
Nf3 a6 22. Ra1 Qf7 23. Rh1 Rxh1 24. Qxh1 h6 25. Qh3 Qh5 26. Nh2 g5 27. g4
fxg4 28. Nxg4 Qxh3 29. gxh3 Kg7 30. Rg1 Bh5 31. fxg5 hxg5 32. e4 Rf8+ 33.
Ke3 Ne7 34. e5 Rf4 35. Nf6 Rf3+ 36. Kd2 Rxh3 37. Rxg5+ Kh6 38. Rg2 b5 39.
Nd7 bxa4 40. Bxa4 Rd3+ 41. Kc1 Nf5 42. Nc5 Rf3 43. Kb1 Ne3 44. Rh2 Rf1+ 45.
Ka2 Ng4 46. Rd2 Bf7 47. Bd7 Ne3 48. Bxe6 Bg6 49. Bh3 Rh1 50. Bd7 a5 51. Ba4
Bb1+ 52. Ka3 Bf5 53. b4 cxb3 54. Bxb3 Ra1+ 55. Kb2 Rh1 56. Re2 Rb1+ 57. Ka2
Nc4 58. Bxc4 dxc4 59. e6 Rc1 60. e7 Bg6 61. Re6 Rc2+ 62. Ka3 Rxc3+ 63. Ka4
{Black resigns}
1-0